 Dungeon Crawl Stone Soup version 0.25-a0-1119-g28b6fd0c3b (webtiles) character file.

Game seed: 11996064161275376841, levelgen mode: deterministic

3 MisterFreud the Gusty (level 1, 0/17 HPs)
             Began as a Gnoll Wanderer on May 18, 2020.
             Slain by a leopard gecko (2 damage)
             ... on level 1 of the Dungeon.
             The game lasted 00:00:59 (132 turns).

MisterFreud the Gusty (Gnoll Wanderer)               Turns: 132, Time: 00:01:00

Health: 0/17       AC:  2    Str: 15    XL:     1   Next: 50%
Magic:  2/2        EV: 11    Int: 12    God:
Gold:   0          SH:  0    Dex: 15    Spells: 0/0 levels left

rFire    . . .     SeeInvis .   a - +0 club
rCold    . . .     Gourm    .   (no shield)
rNeg     . . .     Faith    .   c - +0 robe
rPois    .         Spirit   .   (no helmet)
rElec    .         Reflect  .   (no cloak)
rCorr    .         Harm     .   (no gloves)
MR       .....                  (no boots)
Stlth    +.........             (no amulet)
HPRegen  0.05/turn              (no ring)
MPRegen  0.08/turn              (no ring)

@: about to teleport
A: distributed training, fangs 1, strong nose
a: no special abilities


You were on level 1 of the Dungeon.
You were not hungry.

You visited 1 branch of the dungeon, and saw 1 of its levels.

Inventory:

Hand Weapons
 a - a +0 club (weapon)
Armour
 c - a +0 robe (worn)
Wands
 d - a wand of enslavement (15)
Scrolls
 e - a scroll of immolation {unknown}
 h - 3 scrolls of fog {unknown}
Comestibles
 f - a ration
 g - 3 chunks of flesh


   Skills:
 + Level 2.3 Fighting
 + Level 0.0 Short Blades
 + Level 0.0 Long Blades
 + Level 0.0 Axes
 + Level 4.4 Maces & Flails
 + Level 0.0 Polearms
 + Level 0.0 Staves
 + Level 0.0 Slings
 + Level 0.0 Bows
 + Level 0.0 Crossbows
 + Level 0.0 Throwing
 + Level 0.0 Armour
 + Level 0.0 Dodging
 + Level 0.0 Stealth
 + Level 2.3 Shields
 + Level 0.0 Unarmed Combat
 + Level 0.0 Spellcasting
 + Level 0.0 Conjurations
 + Level 0.0 Hexes
 + Level 0.0 Charms
 + Level 0.0 Summonings
 + Level 0.0 Necromancy
 + Level 0.0 Translocations
 + Level 0.0 Transmutations
 + Level 0.0 Fire Magic
 + Level 0.0 Ice Magic
 + Level 5.3 Air Magic
 + Level 0.0 Earth Magic
 + Level 3.6 Poison Magic
 + Level 0.1 Invocations
 + Level 2.3 Evocations


You couldn't memorise any spells.
You didn't know any spells.
Your spell library was empty.

Dungeon Overview and Level Annotations

Branches:
Dungeon (1/15)

Altars:


Innate Abilities, Weirdness & Mutations

Your experience applies equally to all skills.
You have very sharp teeth.
Your uncanny sense of smell can sniff out nearby items.


Message History

A leopard gecko is nearby!
A leopard gecko is nearby!
The leopard gecko bites you.
You hit the leopard gecko but do no damage.
Your bite misses the leopard gecko. The leopard gecko bites you.
You hit the leopard gecko but do no damage.
The leopard gecko bites you.
* * * LOW HITPOINT WARNING * * *
You hit the leopard gecko but do no damage.
Your bite misses the leopard gecko. The leopard gecko barely misses you.
The leopard gecko closely misses you.
You barely miss the leopard gecko. The leopard gecko bites you.
* * * LOW HITPOINT WARNING * * *
The leopard gecko barely misses you.
Your library has no spells.
You don't know any spells.
You aren't carrying any potions.
As you read the scroll of teleportation, it crumbles to dust.
You feel strangely unstable. The leopard gecko bites you.
You die...

.............
.........#.# #......#
#.##...# # ##.## # ##
#.# #.#. #.# #.#.####
#l# #......####@#####
#...............#
#..................
#.#...............###
#......†.÷#########
##..#.###.#######
..#...........#
..#.#.#.#.#.#.#
#.#.#.###+#.#.#


You could see a leopard gecko.

Vanquished Creatures
  A goblin (D:1)
  A kobold (D:1)
  3 rats (D:1)
5 creatures vanquished.

Notes
Turn   | Place    | Note
-------+----------+-------------------------------------------
     0 | D:1      | MisterFreud the Gnoll Wanderer began the quest for the Orb.
     0 | D:1      | MisterFreud set off with the following items: a +0 club, a
                  | scroll of teleportation, a +0 robe, a wand of enslavement
                  | (15), a ration
     0 | D:1      | Reached XP level 1. HP: 17/17 MP: 2/2
   132 | D:1      | Slain by a leopard gecko

Illustrated notes

Levels and vault maps discovered:
D:1:      shiori_arrival_maze, layout_basic, st_stairs_6

Action                   || total
-------------------------++-------
Melee: Club              ||    18
       Bite              ||     2
  Use: Scroll            ||     1
 Stab: Sleeping          ||     1
Armor: Robe              ||     2
Dodge: Dodged            ||    11

Table legend:
 A = Non-vault XP
 B = Vault XP
 C = Vault XP percentage of total XP
 D = Non-vault monster count
 E = Vault monster count
 F = Vault count percentage of total count
                 A         B        C        D         E       F
            +---------+---------+-------+---------+---------+-------
      Total |       3 |       2 |  40.0 |       3 |       2 |  40.0
            +---------+---------+-------+---------+---------+-------
        D:1 |       3 |       2 |  40.0 |       3 |       2 |  40.0
            +---------+---------+-------+---------+---------+-------
